 Dungeon Crawl Stone Soup version 0.25-a0-479-g8579842fd4 (webtiles) character file.

Game seed: 144937855657154573, levelgen mode: deterministic

10929 kae the Martial Artist (level 11, -1/77 HPs)
             Began as a Black Draconian Transmuter on Feb 9, 2020.
             Was a Priest of Uskayaw.
             Killed themself with a bounced orb of electricity (4 damage)
             ... on level 10 of the Dungeon.
             The game lasted 00:16:49 (14827 turns).

kae the Martial Artist (DrTm)                      Turns: 14827, Time: 00:16:50

Health: -1/77      AC: 12    Str: 13    XL:     11   Next: 42%
Magic:  0/15       EV: 12    Int: 13    God:    Uskayaw [***...]
Gold:   1273       SH:  0    Dex: 15    Spells: 5/16 levels left

rFire    . . .     SeeInvis .     - Unarmed
rCold    . . .     Gourm    .   (no shield)
rNeg     . . .     Faith    .   (armour unavailable)
rPois    .         Spirit   +   (helmet restricted)
rElec    +         Reflect  .   t - scarf {Spirit}
rCorr    .         Harm     .   G - +2 pair of gloves
MR       .....                  A - +1 pair of boots {Fly}
Stlth    +.........             (no amulet)
HPRegen  0.22/turn              (no ring)
MPRegen  0.14/turn              (no ring)

@: flying
A: breathe lightning, unfitting armour, electricity resistance, cold-blooded, AC
+7
a: Breathe Lightning, Stomp, Line Pass, Renounce Religion, Stop Flying


You were on level 10 of the Dungeon.
You worshipped Uskayaw.
Uskayaw was noncommittal.
You were not hungry.

You visited 1 branch of the dungeon, and saw 10 of its levels.
You also visited: Bailey.

You collected 1392 gold pieces.
You spent 119 gold pieces at shops.

Inventory:

Missiles
 a - 273 arrows
Armour
 o - a +2 cloak
 t - a scarf of spirit shield (worn)
 A - a +1 pair of boots of flying (worn)
 F - a +0 hat
 G - a +2 pair of gloves (worn)
Jewellery
 v - an uncursed amulet of harm
Wands
 e - a wand of disintegration (11)
 i - a wand of iceblast (7)
 j - a wand of digging (8)
 s - a wand of flame (18)
 B - a wand of paralysis (10)
 E - a wand of polymorph (5)
Scrolls
 h - a scroll of brand weapon
 p - 5 scrolls of teleportation
 q - a scroll of amnesia
 r - 2 scrolls of fog
 x - 3 scrolls of remove curse
 y - 3 scrolls of enchant armour
Potions
 b - 3 potions of haste
 d - 2 potions of invisibility
 g - 3 potions of brilliance
 k - 2 potions of cancellation
 l - 3 potions of mutation
 m - 5 potions of curing
 n - 5 potions of agility
 w - a potion of lignification
 z - a potion of flight
 C - 2 potions of berserk rage
 D - a potion of might
Comestibles
 c - 14 rations
 f - a chunk of flesh


   Skills:
 - Level 1.1 Fighting
 - Level 1.7 Dodging
 * Level 14.3 Unarmed Combat
 - Level 3.0 Spellcasting
 + Level 10.6 Transmutations


You had 5 spell levels left.
You knew the following spells:

 Your Spells              Type           Power        Failure   Level  Hunger
a - Beastly Appendage     Tmut           ####..       1%          1    #......
b - Sticks to Snakes      Tmut           ####....     1%          2    ###....
c - Spider Form           Tmut/Pois      ###.......   8%          3    ###....
d - Blade Hands           Tmut           ####......   9%          5    ######.

Your spell library contained the following spells:

 Spells                   Type           Power        Failure   Level  Hunger
 Ice Form                 Ice/Tmut       ###.....     26%         4    #####..
 Petrify                  Tmut/Erth      ###.....     26%         4    #####..
 Confusing Touch          Hex            #.......     56%         3    ###....
 Gell's Gravitas          Tloc           #.........   56%         3    ###....
 Yara's Violent Unravell  Hex/Tmut       ###.......   58%         5    ######.
 Metabolic Englaciation   Hex/Ice        #.........   99%         5    ######.


Dungeon Overview and Level Annotations

Branches:
Dungeon (10/15)            Temple (0/1) D:6          Bailey (visited)
   Lair: D:8-11         Orc: D:9-12

Altars:
Ashenzari
Elyvilon
Fedhas
Makhleb
Okawaru
Qazlal
Ru
Sif Muna
Uskayaw
Wu Jian
Xom
Zin
The Shining One

Shops:
D:4 *   D:5 [%**


Innate Abilities, Weirdness & Mutations

You can breathe wild blasts of lightning.
Your glossy black scales are hard. (AC +7)
You cannot fit into any form of body armour.
You are resistant to electric shocks. (rElec)
You are cold-blooded and may be slowed by cold attacks.


Message History

* * * LOW HITPOINT WARNING * * *
The two-headed hydra bites you!
* * * LOW HITPOINT WARNING * * *
The big kobold hits you from afar with a +0 halberd.
* * * LOW HITPOINT WARNING * * *
Uskayaw will force your foes to helplessly watch your dance.
Uskayaw prepares the audience for your solo!
The helpless two-headed hydra fails to defend itself.
You hit the two-headed hydra. You punch the two-headed hydra.
The two-headed hydra is almost dead.
The two-headed hydra is no longer paralysed.
Unknown command.
Okay, then.
You breathe a wild blast of lightning!
The orb of electricity explodes!
The orb of electricity engulfs the two-headed hydra!!
You kill the two-headed hydra!
The orb of electricity engulfs the big kobold!
The big kobold is heavily wounded.
The orb of electricity engulfs you. You resist.
You die...

#+###'''#####'####
#.≈P.K...##......# ###
#P≈≈...%.##......######..
#≈≈P.DP..##......'....#..
#P≈...%.%##......####.#.[
#PP≈.≈.≈.##......# #.#..
*#####(#####......# #....
*******#.####.#####......#
###..
,,,,,,........K)@.(..(.(.#
##.
******##.##########......#
#. *,* ##'##### ## *,*
#...## # *,* ###..# *,*
##.# *,* #######'## ## *,*
#........#######. *,*
#........##....'.


You could see a big kobold (paralysed).

Vanquished Creatures
  A hydra (D:10)
  A tengu warrior (D:9)
  A two-headed ogre (D:9)
  An orc knight (Bailey)
  A tengu conjurer (D:9)
  A troll (D:9)
  A hornet (D:9)
  A hippogriff (D:7)
  2 dream sheep (D:10)
  6 yaks
  A wyvern (D:9)
  2 hungry ghosts (D:10)
  Menkaure (D:4)
  A soldier ant (D:10)
  An acid dragon (D:7)
  4 sky beasts
  2 ice beasts
  5 orc warriors
  A phantom (D:7)
  6 ogres
  10 centaurs
  3 big kobolds
  8 bullfrogs
  2 scorpions
  9 killer bees (D:9)
  5 howler monkeys
  5 wights (D:10)
  3 crimson imps
  2 bullfrog zombies (D:5)
  2 centaur skeletons
  7 hounds
  2 jellies
  3 orc priests
  Crazy Yiuf (D:3)
  A bullfrog skeleton (D:6)
  An iron imp (D:8)
  11 orc wizards
  3 iguanas
  8 worker ants
  2 hound skeletons
  15 gnolls
  13 adders
  A howler monkey skeleton (D:7)
  4 shadow imps
  3 oozes
  2 adder zombies
  3 adder skeletons
  7 worms
  5 dart slugs
  4 leopard geckos
  37 orcs
  4 ball pythons
  13 bats
  5 giant cockroaches
  10 goblins
  13 hobgoblins
  15 jackals
  3 quokkas
  8 frilled lizards
  A giant cockroach zombie (D:5)
  A goblin zombie (D:8)
  4 hobgoblin zombies (D:8)
  16 kobolds
  A kobold skeleton (D:8)
  2 kobold zombies (D:8)
  An orc skeleton (D:8)
  An orc zombie (D:8)
  A quokka skeleton (D:4)
  A quokka zombie (D:5)
  5 rats
327 creatures vanquished.

Vanquished Creatures (collateral kills)
  An orc (Bailey)
  A jackal (D:4)
  6 kobolds (Bailey)
8 creatures vanquished.

Vanquished Creatures (others)
  A plant (D:7)
1 creature vanquished.

Grand Total: 336 creatures vanquished

Notes
Turn   | Place    | Note
-------+----------+-------------------------------------------
     0 | D:1      | kae the Draconian Transmuter began the quest for the Orb.
     0 | D:1      | Reached XP level 1. HP: 16/16 MP: 3/3
    71 | D:1      | Reached XP level 2. HP: 23/23 MP: 3/5
   830 | D:1      | Reached XP level 3. HP: 28/28 MP: 4/6
  1147 | D:2      | Learned a level 2 spell: Sticks to Snakes
  1156 | D:1      | Learned a level 3 spell: Spider Form
  1266 | D:2      | Reached XP level 4. HP: 29/35 MP: 1/8
  1401 | D:2      | Reached skill level 4 in Unarmed Combat
  1527 | D:2      | Reached XP level 5. HP: 12/40 MP: 4/9
  1753 | D:2      | Found a shimmering blue altar of Sif Muna.
  2609 | D:3      | Found a runed translucent door.
  2610 | D:3      | Noticed Crazy Yiuf
  2920 | D:3      | Reached skill level 5 in Unarmed Combat
  3439 | D:3      | Killed Crazy Yiuf
  3665 | D:4      | Noticed Menkaure
  3802 | D:4      | Reached XP level 6. HP: 41/47 MP: 6/10
  3947 | D:4      | Found Zin's Purification Station.
  4268 | D:4      | Found a glowing silver altar of Zin.
  4279 | D:4      | Killed Menkaure
  4279 | D:4      | Reached skill level 6 in Unarmed Combat
  4393 | D:4      | Found a hide-covered altar of Uskayaw.
  4403 | D:4      | Noticed a +0 dagger
  4403 | D:4      | Noticed a +0 dagger
  4409 | D:4      | Your scales start taking on a glossy black colour.
  4409 | D:4      | Reached XP level 7. HP: 50/52 MP: 7/11
  4409 | D:4      | Gained mutation: You are resistant to electric shocks.
                  | (rElec) [Black Draconian growth]
  4447 | D:4      | Became a worshipper of Uskayaw the Reveler
  4529 | D:4      | Reached * piety under Uskayaw
  4533 | D:4      | Reached ** piety under Uskayaw
  4975 | D:5      | Entered Level 5 of the Dungeon
  4983 | D:5      | Reached skill level 7 in Unarmed Combat
  5065 | D:5      | Found Vynikkev's Armour Shoppe.
  5080 | D:5      | Reached skill level 5 in Transmutations
  5421 | D:5      | Found Jeaseggi's Assorted Antiques.
  5430 | D:5      | Bought a scroll labeled XAF WOOXZOLOQE for 25 gold pieces
  5430 | D:5      | Bought an amethyst potion for 22 gold pieces
  5435 | D:5      | Found Hobbuiruta's Assorted Antiques.
  5466 | D:5      | Bought a scroll labeled ALEUTEPSAUV for 25 gold pieces
  5466 | D:5      | Bought a yellow potion for 22 gold pieces
  5466 | D:5      | Bought a scroll labeled BELLEV ARGHOQ for 25 gold pieces
  5596 | D:5      | Found Conofyxo's Food Shoppe.
  5782 | D:5      | Reached XP level 8. HP: 45/59 MP: 6/12
  5783 | D:5      | Reached skill level 8 in Unarmed Combat
  5796 | D:5      | Reached *** piety under Uskayaw
  6094 | D:5      | Found a burning altar of Makhleb.
  6770 | D:6      | Reached skill level 9 in Unarmed Combat
  6854 | D:6      | Found a shattered altar of Ashenzari.
  7091 | D:6      | Found a shimmering altar of Xom.
  7470 | D:6      | Learned a level 5 spell: Blade Hands
  7724 | D:6      | Found a staircase to the Ecumenical Temple.
  8108 | D:7      | Found a blossoming altar of Fedhas.
  8113 | D:7      | Found a stormy altar of Qazlal.
  8236 | D:7      | Reached XP level 9. HP: 52/64 MP: 8/13
  8307 | D:7      | Reached skill level 10 in Unarmed Combat
  8443 | D:7      | Found a sacrificial altar of Ru.
  8996 | D:7      | Reached **** piety under Uskayaw
  9011 | D:7      | Reached ***** piety under Uskayaw
  9656 | D:8      | Reached skill level 11 in Unarmed Combat
 10280 | D:8      | Found a white marble altar of Elyvilon.
 10298 | D:8      | Found a glowing golden altar of the Shining One.
 10821 | D:8      | Found an ornate altar of the Wu Jian Council.
 10823 | D:8      | Found an iron altar of Okawaru.
 11033 | D:9      | Reached XP level 10. HP: 70/71 MP: 14/14
 11179 | D:9      | Reached skill level 12 in Unarmed Combat
 11532 | D:9      | Noticed a two-headed ogre
 11538 | D:9      | Killed a two-headed ogre
 11558 | D:9      | Reached ****** piety under Uskayaw
 12072 | D:9      | Noticed a tengu warrior
 12466 | D:9      | Reached skill level 13 in Unarmed Combat
 12832 | D:9      | Killed a tengu warrior
 13031 | D:9      | Paralysed by a hornet for 2 turns
 13401 | D:10     | Entered Level 10 of the Dungeon
 13577 | D:10     | Found a flagged portal.
 13611 | Bailey   | Entered a bailey
 13704 | Bailey   | Noticed an orc knight
 13720 | Bailey   | Killed an orc knight
 13720 | Bailey   | Reached skill level 10 in Transmutations
 13720 | Bailey   | Reached XP level 11. HP: 46/77 MP: 5/15
 13875 | Bailey   | Found the +15 Maxwell's patent armour {-Cast -Tele rElec
                  | MR+ rCorr}
 13940 | Bailey   | Found a bloodstained altar of Trog.
 14381 | D:10     | Reached skill level 14 in Unarmed Combat
 14809 | D:10     | Noticed a two-headed hydra
 14825 | D:10     | HP: 3/77 [big kobold/+0 halberd (2)]
 14827 | D:10     | Killed a two-headed hydra
 14827 | D:10     | Killed themself with a bounced orb of electricity

Levels and vault maps discovered:
D:1:      beargit_arrival_greenhouse, layout_basic
D:2:      layout_loops_cross, led_sif_pool, first_ration, minmay_crystal_water
D:3:      layout_basic, uniq_crazy_yiuf_cottage
D:4:      corexii_shack_village, layout_gridville, zin_purify,
          dancing_weapons_uskayaw, uniq_menkaure
D:5:      layout_loops_ring, makhleb_heckhound_becter, serial_shops,
          nicolae_shop_crystal, shop, shop, nicolae_shop_statue_plus,
          kennysheep_cross_bottleneck, corexii_checkpoint_b,
          minmay_divided_ellipse
D:6:      layout_layer_cave, lemuel_crystal_altar, lemuel_round_altar,
          minmay_temple_entry_trees, serial_park_tiny_pond, minmay_liquid_box
D:7:      layout_basic, grunt_temple_overflow_forces_of_nature,
          nicolae_ru_the_path_less_chosen
D:8:      layout_cave_pools, old_standard_altar, nicolae_tso_besieged_by_evil,
          minitemple
D:9:      layout_loops_corners
D:10:     layout_roguey, enter_bailey_8, hangedman_ranch
          [blue_anna_fruit_fields], minmay_misc_feat_rugged,
          kennysheep_generic_room_9

Skill      XL: |  1  2  3  4  5  6  7  8  9 10 11 |
---------------+----------------------------------+-----
Spellcasting   | 3 |  3.0
Unarmed Combat | 4 5 6 7 9 11 13 14 | 14.3
Transmutations | 3 4 5 6 8 10 | 10.6
Fighting       | |  1.1
Dodging        | |  1.7

Action                   |  1- 3 |  4- 6 |  7- 9 | 10-12 || total
-------------------------+-------+-------+-------+-------++-------
Melee: Unarmed           |   135 |   281 |   476 |   278 ||  1170
       Tailslap          |    12 |    24 |    45 |    29 ||   110
       Kick              |     4 |     8 |    22 |     8 ||    42
       Headbutt          |     2 |     3 |    18 |     2 ||    25
       Punch             |       |       |    14 |     8 ||    22
 Cast: Beastly Appendage |    13 |    19 |    29 |     7 ||    68
       Spider Form       |     2 |    12 |    15 |     5 ||    34
       Sticks to Snakes  |       |     2 |     1 |     4 ||     7
       Blade Hands       |       |       |       |     4 ||     4
Invok: Stomp             |       |       |       |     1 ||     1
       Line Pass         |       |       |       |     1 ||     1
 Abil: Breathe Lightning |       |       |     3 |     5 ||     8
Evoke: Wand              |       |     3 |       |     1 ||     4
  Use: Scroll            |     5 |     7 |    15 |     5 ||    32
       Potion            |       |     5 |       |     5 ||    10
 Stab: Sleeping          |     1 |     1 |     1 |     1 ||     4
       Paralysed         |       |       |     4 |    15 ||    19
       Distracted        |       |       |       |     1 ||     1
       Confused          |       |       |       |     1 ||     1
  Eat: Chunk             |       |    15 |    20 |    16 ||    51
       Ration            |       |       |     1 |     1 ||     2
Armor: Skin              |    40 |    66 |   112 |    89 ||   307
Dodge: Dodged            |   126 |   170 |   255 |   220 ||   771

Table legend:
 A = Non-vault XP
 B = Vault XP
 C = Vault XP percentage of total XP
 D = Non-vault monster count
 E = Vault monster count
 F = Vault count percentage of total count
                 A         B        C        D         E       F
            +---------+---------+-------+---------+---------+-------
      Total |   11887 |    3726 |  23.9 |     279 |      56 |  16.7
            +---------+---------+-------+---------+---------+-------
        D:1 |      50 |       0 |   0.0 |      30 |       0 |   0.0
        D:2 |     176 |       0 |   0.0 |      31 |       0 |   0.0
        D:3 |     113 |      40 |  26.1 |      28 |       1 |   3.4
        D:4 |     406 |     180 |  30.7 |      23 |       8 |  25.8
        D:5 |     428 |     307 |  41.8 |      20 |      12 |  37.5
        D:6 |     884 |       0 |   0.0 |      22 |       0 |   0.0
        D:7 |    1640 |       0 |   0.0 |      28 |       0 |   0.0
        D:8 |    1204 |      49 |   3.9 |      24 |      11 |  31.4
        D:9 |    5066 |       0 |   0.0 |      45 |       0 |   0.0
       D:10 |    1920 |    2244 |  53.9 |      28 |       8 |  22.2
     Bailey |       0 |     906 | 100.0 |       0 |      16 | 100.0
            +---------+---------+-------+---------+---------+-------
